 Dungeon Crawl Stone Soup version 0.27.1-3-gb3d3a73c9e (webtiles) character file.

Game seed: 16767769339863137437

4 ABBCCCDDDD the Sneak (level 1, 0/20 HPs)
             Began as a Deep Dwarf Delver on Oct 22, 2021.
             Slain by a kobold (1 damage)
             ... on level 2 of the Dungeon.
             The game lasted 00:03:23 (269 turns).

ABBCCCDDDD the Sneak (Deep Dwarf Delver)             Turns: 269, Time: 00:03:24

Health: 0/20       AC:  3    Str: 15    XL:     1   Next: 50%
Magic:  0/0        EV: 12    Int: 10    God:
Gold:   0          SH:  0    Dex: 14    Spells: 1/1 levels left

rFire    . . .     SeeInvis .   a - +0 hand axe
rCold    . . .     Faith    .   (no shield)
rNeg     . . .     Spirit   .   b - +0 leather armour
rPois    .         Reflect  .   (no helmet)
rElec    .         Harm     .   (no cloak)
rCorr    .         Rampage  .   (no gloves)
Will     .....                  (no boots)
Stlth    +++.......             (no amulet)
HPRegen  0.00/turn              (no ring)
MPRegen  0.07/turn              (no ring)

@: flying
A: damage resistance, heal wounds, sense surroundings 1, no regeneration
a: Heal Wounds


You were on level 2 of the Dungeon.
You visited 1 branch of the dungeon, and saw 5 of its levels.

Inventory:

Hand Weapons
 a - a +0 hand axe (weapon)
Armour
 b - a +0 leather armour (worn)
Wands
 g - a wand of digging (3)
Scrolls
 c - a scroll of blinking {unknown}


   Skills:
 - Level 2.7 Fighting
 - Level 2.2 Axes
 - Level 2.2 Dodging
 - Level 6.0 Stealth
 + Level 0.5 Spellcasting


You had one spell level left.
You didn't know any spells.
Your spell library was empty.

Dungeon Overview and Level Annotations

Branches:
Dungeon (6/15)
 Temple: D:4-7

Altars:

Shops:
D:5 !

Annotations:
D:3 2 transporters, YannSP's ghost, amateur KoEn
D:4 Ijyb


Innate Abilities, Weirdness & Mutations

You are resistant to damage.
You can heal yourself by infusing magical energy.
You passively map a small area around you.
You do not regenerate.


Message History

The hobgoblin shouts!
The adder hisses angrily.
Found a hunting sling and 21 stones.
There is a stone staircase leading down here.
You climb downwards.
Level annotation: 2 transporters, YannSP's ghost, amateur KoEn
There is a stone staircase leading up here.
You see here 14 stones.
There is a stone staircase leading up here.
You climb upwards.
Found 10 gold pieces.
There is a stone staircase leading down here.
Found 4 gold pieces.
A ball python comes into view.
Found an escape hatch in the floor.
A dart slug comes into view.
The helpless dart slug fails to defend itself.
You hit the dart slug.
The dart slug is moderately wounded.
The dart slug launches a dart at you. The slug dart misses you.
You slash the dart slug!
The dart slug is almost dead.
The dart slug bites you.
* * * LOW HITPOINT WARNING * * *
You hit the dart slug.
You kill the dart slug!
Found a scroll labelled JUSTIB TYTIG.
Found a grey potion.
c - a scroll labelled JUSTIB TYTIG A kobold comes into view.
It is wielding a +0 short sword.
The kobold shouts!
You see here a grey potion.
d - a grey potion It was a potion of flight.
You feel very buoyant.
You fly up into the air.
Okay, then.
You hit the kobold but do no damage.
The kobold hits you with a +0 short sword.
You die...

.>#.## **##### #...#
.......#* ..#.#####
.......## .$......###
##........
######....######.........
####................
##..###.........., * *
##.###..........
#......@K....... * *
#.####.......... * * *
...*......#...... , *
#####......#.####. , **
#......#,# #......# , *
######## * * , * , *


You could see a kobold.

Levels and vault maps discovered:
D:2:      layout_rooms, basic_ecumenical_altar, serial_shops, shop_fountains,
          shop, shop, uniq_natasha, uniq_sigmund
D:3:      layout_basic, gammafunk_ghost_arena, fountainhead,
          minmay_misc_feat_cross, solitary_fountain, uniq_terence
D:4:      layout_basic, gammafunk_temple_overflow_wave, serial_shops, shop,
          uniq_ijyb
D:5:      layout_basic, amcnicky_altar_gilded, serial_shops,
          nicolae_shop_crystal, st_stairs_10, amcnicky_mini_pool_small,
          minmay_diced_spiral, uniq_crazy_yiuf_cottage
D:6:      layout_gridville, kb_rosetta

Notes
Turn   | Place    | Note
-------+----------+-------------------------------------------
     0 | D:5      | ABBCCCDDDD the Deep Dwarf Delver began the quest for the
                  | Orb.
     0 | D:5      | Reached XP level 1. HP: 20/20 MP: 1/1
    17 | D:5      | Noticed an orc wizard
    17 | D:5      | Noticed an orc wizard
    70 | D:5      | Found Biolaiwk's Distillery.
    88 | D:6      | Noticed an orc wizard
    88 | D:6      | Noticed a jelly
    97 | D:5      | Noticed a hound
   120 | D:5      | Noticed a scorpion
   121 | D:5      | Noticed a centaur
   138 | D:4      | Noticed a hound
   145 | D:4      | Noticed Ijyb
   214 | D:3      | Found a transporter.
   218 | D:3      | Found a transporter.
   218 | D:3      | Noticed YannSP's ghost (amateur KoEn)
   250 | D:2      | HP: 1/20 [dart slug (1)]
   269 | D:2      | Slain by a kobold

Table legend: (Time is in decaauts)
 A = Elapsed time spent in this place.
 B = Non-inter-level travel time spent in this place.
 C = Inter-level travel time spent in this place.
 D = Time resting spent in this place.
 E = Time spent auto-exploring this place.
 F = Levels seen in this place.
 G = Mean time per level.
                   A        B        C        D        E       F      G
               +--------+--------+--------+--------+--------+-----+--------+
         Total |    252 |    235 |     17 |      0 |     17 |   5 |   50.4 |
       Dungeon |    252 |    235 |     17 |      0 |     17 |   5 |   50.4 |
               +--------+--------+--------+--------+--------+-----+--------+

Top non-repeatable levels by time:
     D:5: 128 daAuts
     D:3: 53 daAuts
     D:2: 34 daAuts
     D:4: 25 daAuts
     D:6: 11 daAuts

Table legend:
 A = Kills in this place as a percentage of kills in entire the game.
 B = Kills by you in this place as a percentage of kills by you in the entire game.
 C = Kills by friends in this place as a percentage of kills by friends in the entire game.
 D = Other kills in this place as a percentage of other kills in the entire game.
 E = Experience gained in this place as a percentage of experience gained in the entire game.
 F = Experience gained in this place divided by the number of levels of this place that you have seen.
                   A       B       C       D       E      F
               +-------+-------+-------+-------+-------+----------------------
         Total | 100.0 | 100.0 |   N/A |   N/A | 100.0 |   1.2
       Dungeon | 100.0 | 100.0 |   N/A |   N/A | 100.0 |   1.2
               +-------+-------+-------+-------+-------+----------------------

Action                   || total
-------------------------++-------
Melee: Hand axe          ||    10
 Abil: Heal Wounds       ||     2
  Use: Scroll            ||     3
       Potion            ||     2
 Stab: Sleeping          ||     1
Armor: Leather armour    ||     2
Dodge: Dodged            ||    11

Vanquished Creatures
  A dart slug (D:2)
  A giant cockroach (D:3)
2 creatures vanquished.
